 Dungeon Crawl Stone Soup version 0.27.1-3-gb3d3a73c9e (webtiles) character file.

Game seed: 6733928357603050023

4224 Descartes the Blocker (level 10, -18/70 HPs)
             Began as a Formicid Fighter on Oct 24, 2021.
             Was an Initiate of Gozag.
             Demolished by a two-headed ogre (19 damage)
             ... on level 8 of the Dungeon.
             The game lasted 00:17:17 (8054 turns).

Descartes the Blocker (Formicid Fighter)            Turns: 8054, Time: 00:17:19

Health: -18/70     AC:  7    Str: 22    XL:     10   Next: 55%
Magic:  11/11      EV: 15    Int: 10    God:    Gozag
Gold:   733        SH: 11    Dex: 10    Spells: 5/10 levels left

rFire    . . .     SeeInvis +   a - +0 war axe
rCold    . . .     Faith    .   c - +0 kite shield
rNeg     + . .     Spirit   .   C - +0 troll leather armour
rPois    .         Reflect  .   (helmet unavailable)
rElec    .         Harm     .   o - +0 cloak {Stlth+}
rCorr    +         Rampage  .   m - +0 pair of gloves
Will     +....                  (no boots)
Stlth    ++........             D - amulet "Qexogun" {Acrobat rN+ Will- Regen+ rCorr}
HPRegen  2.21/turn              g - +4 ring of evasion
MPRegen  0.12/turn              Q - ring of willpower

@: no status effects
A: permanent stasis, dig shafts and tunnels, antennae 3, four strong arms
a: Dig, Shaft Self, Renounce Religion, Potion Petition, Call Merchant, Bribe
Branch


You were on level 8 of the Dungeon.
You worshipped Gozag.
Gozag was pleased with you.
You visited 2 branches of the dungeon, and saw 9 of its levels.
You also visited: Sewer and Ossuary.

You collected 974 gold pieces.
You paid 241 gold pieces to Gozag.

Inventory:

Hand Weapons
 a - a +0 war axe (weapon)
 E - a +2 quarterstaff of chaos
 T - a +2 great sword
Missiles
 f - 184 stones
 G - 5 boomerangs
 H - 2 silver boomerangs
 I - 47 poisoned darts
 K - 2 throwing nets
 R - 2 curare-tipped darts
 S - 4 atropa-tipped darts
Armour
 b - a +0 scale mail
 c - a +0 kite shield (worn)
 m - a +0 pair of gloves (worn)
 o - a +0 cloak of stealth (worn)
 C - a +0 troll leather armour (worn)
Jewellery
 g - a +4 ring of evasion (left hand)
 i - a ring of ice
 k - a +6 ring of intelligence
 p - a ring of wizardry
 w - a ring of fire
 D - the amulet "Qexogun" (around neck) {Acrobat rN+ Will- Regen+ rCorr}
   (You took it off a gnoll on level 5 of the Dungeon)

   [amulet of the acrobat]

   It increases your evasion while moving and waiting.
   rN:        It protects you from negative energy.
   Regen:     It increases your rate of health regeneration.
   rCorr:     It protects you from acid and corrosion.
   Will:      It decreases your willpower.
 L - a ring of fire
 P - an amulet of magic regeneration
 Q - a ring of willpower (right hand)
Wands
 e - a wand of polymorph (4)
Scrolls
 q - a scroll of teleportation {unknown}
 t - 5 scrolls of identify
 x - a scroll of silence {unknown}
 y - 2 scrolls of blinking {unknown}
 F - a scroll of amnesia
 J - 4 scrolls of enchant armour {unknown}
 M - a scroll of vulnerability
 N - a scroll of magic mapping {unknown}
 O - a scroll of holy word {unknown}
Potions
 d - 2 potions of might
 h - 2 potions of mutation {unknown}
 j - a potion of cancellation {unknown}
 l - 2 potions of magic {unknown}
 n - 2 potions of flight {unknown}
 r - 3 potions of invisibility {unknown}
 s - 3 potions of heal wounds {unknown}
 u - 2 potions of attraction {unknown}
 v - 3 potions of curing {unknown}
 z - a potion of resistance {unknown}
 A - 5 potions of degeneration {unknown}
 B - a potion of lignification {unknown}


   Skills:
 + Level 3.5 Fighting
 + Level 5.1 Axes
 + Level 5.1 Armour
 - Level 9.0 Shields
 + Level 0.8 Spellcasting
 + Level 2.3 Translocations
 + Level 1.0 Transmutations
 + Level 6.0 Fire Magic
 + Level 7.6 Earth Magic
 + Level 8.0 Poison Magic


You had 5 spell levels left.
You knew the following spells:

 Your Spells              Type           Power      Damage    Failure   Level
a - Passwall              Tmut/Erth      7%         N/A       11%         2
b - Ignite Poison         Fire/Tmut/Pois 10%        N/A       16%         3

Your spell library contained the following spells:

 Spells                   Type           Power      Damage    Failure   Level
 Conjure Flame            Conj/Fire      6%         6-21      34%         3
 Sticky Flame             Conj/Fire      6%         2d3       75%         4
 Manifold Assault         Tloc           5%         N/A       99%         5
 Summon Forest            Summ/Tloc      1%         N/A       100%        5
 Summon Mana Viper        Hex/Summ       0%         N/A       100%        5
 Invisibility             Hex            0%         N/A       100%        6
 Shadow Creatures         Summ           N/A        N/A       100%        6
 Storm Form               Tmut/Air       0%         N/A       100%        7
 Blink                    Tloc           Unusable   N/A       N/A         2
 Swiftness                Air            Unusable   N/A       N/A         3

Dungeon Overview and Level Annotations

Branches:
Dungeon (8/15)             Temple (1/1) D:6           Sewer (visited)
Ossuary (visited)
   Lair: D:8-11

Altars:
Ashenzari
Cheibriados
Dithmenos
Elyvilon
Fedhas
Gozag
Hepliaklqana
Kikubaaqudgha
Makhleb
Nemelex Xobeh
Okawaru
Qazlal
Ru
Sif Muna
Trog
Uskayaw
Vehumet
Wu Jian
Xom
Zin
The Shining One

Shops:
D:2 [   D:5 (


Innate Abilities, Weirdness & Mutations

You cannot be hasted, slowed, berserked, paralysed or teleported.
You can dig through walls and to a lower floor.
You have a pair of large antennae on your head. (SInv)
Your four strong arms can wield two-handed weapons with a shield.


Message History

You are too injured to fight recklessly!
You are too injured to fight recklessly!
You are too injured to fight recklessly!
You are too injured to fight recklessly!
You are too injured to fight recklessly!
You are too injured to fight recklessly!
You are too injured to fight recklessly!
You are too injured to fight recklessly!
You are too injured to fight recklessly!
You are too injured to fight recklessly!
You hit the two-headed ogre.
The two-headed ogre is severely wounded.
You block the two-headed ogre's attack. x2
You slash the two-headed ogre!
The two-headed ogre is almost dead.
The two-headed ogre closely misses you.
The two-headed ogre hits you with a +0 giant club!!
* * * LOW HITPOINT WARNING * * *
Welcome back, Descartes the Formicid Fighter.
Gozag says: Greed is good.
Press ? for a list of commands and other information.
Unknown command.
Unknown command.
Unknown command.
Okay, then. [a] - 476 gold - resistance, might and lignification [b] - 115 gold - heal wounds [c] - 357 gold - lignification, might and resistance Purchase which effect?
You no longer have enough gold to fund merchants seeking to open stores in the dungeon.
You feel much better. The two-headed ogre misses you.
The two-headed ogre hits you with a +0 giant club!
* * * LOW HITPOINT WARNING * * *
You hit the two-headed ogre.
The two-headed ogre is almost dead.
The two-headed ogre hits you with a +0 giant club!!
* * * LOW HITPOINT WARNING * * *
The two-headed ogre hits you with a +0 giant club!!
You die...
Your body crumbles into a pile of gold.

######### #######
#.......######.....#####
................@O..>...
........######.###.#####
#.......# #.# #
#.......######.#
#..............#
####+##.######## #.##..#
# #.....# #######.#
####.##..###.....#.#


You could see a two-headed ogre.

Vanquished Creatures
  4 steam dragons
  Menkaure (D:7)
  2 water moccasins
  Duvessa (D:5)
  5 ice beasts
  A sky beast (D:8)
  Purgy (Sewer)
  A black bear (D:6)
  A necrophage (D:4)
  5 centaurs
  2 ogres
  A phantom (D:6)
  The ghost of Jawa73 the Firebug, an amateur OpFE of Vehumet (D:4)
  A kobold brigand (D:8)
  A bullfrog (D:8)
  Dowan (D:5)
  4 water moccasin zombies (Ossuary)
  3 scorpions (D:5)
  A water moccasin skeleton (D:6)
  3 killer bees (D:8)
  3 wights (D:8)
  2 centaur zombies
  A hound (D:5)
  2 centaur skeletons
  3 jellies
  Crazy Yiuf (D:5)
  A gnoll shaman (D:5)
  2 iguanas
  Ijyb (D:5)
  2 orc wizards
  A killer bee zombie (D:7)
  2 mummies (Ossuary)
  A hound skeleton (D:4)
  A howler monkey zombie (D:7)
  5 gnolls (D:5)
  3 howler monkey skeletons
  10 adders
  A shadow imp (D:6)
  A white imp (D:6)
  An ufetubus (D:5)
  7 adder zombies (Ossuary)
  2 dart slugs (D:2)
  15 orcs
  3 ball pythons
  9 bats
  5 endoplasms
  5 giant cockroaches
  4 gnoll zombies (Ossuary)
  9 goblins
  4 hobgoblins
  3 quokkas
  3 frilled lizards
  5 hobgoblin zombies (Ossuary)
  11 kobolds
  5 kobold zombies (Ossuary)
  3 orc zombies (Ossuary)
  4 rats
181 creatures vanquished.

Vanquished Creatures (others)
  An orc wizard (D:8)
1 creature vanquished.

Grand Total: 182 creatures vanquished

Notes
Turn   | Place    | Note
-------+----------+-------------------------------------------
     0 | D:1      | Descartes the Formicid Fighter began the quest for the Orb.
     0 | D:1      | Reached XP level 1. HP: 18/18 MP: 1/1
   126 | D:1      | Found a faded altar of an unknown god.
   377 | D:1      | Reached XP level 2. HP: 21/24 MP: 2/2
   618 | D:1      | Reached skill level 4 in Shields
   906 | D:2      | Found Yhufilang's Armour Shop.
  1036 | D:2      | Reached XP level 3. HP: 21/29 MP: 3/3
  1447 | D:2      | Reached XP level 4. HP: 35/35 MP: 4/4
  1465 | D:2      | Learned a level 2 spell: Passwall
  2844 | D:4      | Reached XP level 5. HP: 41/41 MP: 5/5
  2848 | D:4      | Reached skill level 1 in Earth Magic
  2849 | D:4      | Noticed a necrophage
  2858 | D:4      | Killed a necrophage
  2859 | D:4      | Reached skill level 5 in Shields
  2859 | D:4      | Reached XP level 6. HP: 35/47 MP: 6/6
  2952 | D:4      | Learned a level 3 spell: Ignite Poison
  3170 | D:4      | Found a blossoming altar of Fedhas.
  3186 | D:4      | Noticed an ogre
  3196 | D:4      | Killed an ogre
  3197 | D:4      | Reached skill level 1 in Poison Magic
  3288 | D:4      | Noticed Jawa73's ghost (amateur OpFE)
  3292 | D:4      | Found a runed translucent gate.
  3292 | D:4      | Found a runed translucent gate.
  3292 | D:4      | Found a runed translucent gate.
  3565 | D:4      | Killed Jawa73's ghost
  3566 | D:4      | Reached skill level 6 in Shields
  3566 | D:4      | Reached skill level 1 in Fire Magic
  3566 | D:4      | Reached XP level 7. HP: 34/52 MP: 7/7
  3698 | D:5      | Entered Level 5 of the Dungeon
  3736 | D:5      | Reached skill level 5 in Armour
  3749 | D:5      | Found a runed translucent door.
  3750 | D:5      | Noticed Crazy Yiuf
  3788 | D:5      | Noticed Ijyb
  3808 | D:5      | Killed Ijyb
  3817 | D:5      | Found a sand-covered staircase.
  3823 | Ossuary  | Entered an ossuary
  3872 | Ossuary  | Reached XP level 8. HP: 27/58 MP: 8/8
  3937 | Ossuary  | Reached skill level 7 in Shields
  4210 | D:5      | Found a glowing drain.
  4236 | Sewer    | Entered a sewer
  4281 | Sewer    | Noticed Purgy
  4290 | Sewer    | Killed Purgy
  4553 | D:5      | Identified the amulet "Qexogun" {Acrobat rN+ Will- Regen+
                  | rCorr}
  4589 | D:5      | Reached skill level 8 in Shields
  4666 | D:5      | Noticed Dowan
  4667 | D:5      | Noticed Duvessa
  4708 | D:5      | Killed Duvessa
  4709 | D:5      | Reached skill level 5 in Axes
  4709 | D:5      | Reached XP level 9. HP: 59/64 MP: 1/9
  4802 | D:5      | Killed Dowan
  4994 | D:5      | Found Ynnuugg's Antique Weapon Emporium.
  5061 | D:5      | Killed Crazy Yiuf
  5335 | D:6      | Reached skill level 5 in Earth Magic
  5348 | D:6      | Reached skill level 9 in Shields
  5348 | D:6      | Reached skill level 5 in Poison Magic
  5468 | D:6      | Found a staircase to the Ecumenical Temple.
  5475 | Temple   | Entered the Ecumenical Temple
  5605 | Temple   | Became a worshipper of Gozag Ym Sagoz the Greedy
  6100 | D:6      | Found a faded altar of an unknown god.
  6100 | D:6      | Found a faded altar of an unknown god.
  6108 | D:6      | Found an iron altar of Okawaru.
  6112 | D:6      | Found a sparkling altar of Nemelex Xobeh.
  6114 | D:6      | Found an ornate altar of the Wu Jian Council.
  6433 | D:7      | Reached skill level 5 in Fire Magic
  6546 | D:7      | Noticed Menkaure
  6558 | D:7      | Killed Menkaure
  6559 | D:7      | Reached XP level 10. HP: 22/70 MP: 10/10
  6998 | D:7      | Reached skill level 1 in Translocations
  7926 | D:8      | Reached skill level 1 in Transmutations
  8043 | D:8      | Noticed a two-headed ogre
  8052 | D:8      | HP: 1/70 [two-headed ogre (26)]
  8054 | D:8      | Demolished by a two-headed ogre

Illustrated notes

Levels and vault maps discovered:
D:1:      kennysheep_arrival_forest, layout_loops_ring,
          shapermc_ecumenical_altar_mp_vishouse
D:2:      layout_loops_ring, serial_shops, shop_coins, roderic_lattice_a,
          minivault_26, kennysheep_pointless_box
D:3:      layout_loops_corners
D:4:      layout_rooms, fedhas_altar_2, gammafunk_ghost_split
D:5:      layout_rooms, serial_shops,
          nicolae_shop_temple_entry_statues_fountains,
          nicolae_ossuary_entry_plus, gup_sewer_entry_glass, uniq_duvessa,
          uniq_ijyb, uniq_crazy_yiuf_cottage
D:6:      layout_loops_ring, chequers_temple_overflow_minitemple,
          minmay_temple_entry_ruins
D:7:      layout_cave_pods, serial_glass, glass_columns_c, glass_columns_b,
          due_unseen_surprise, uniq_menkaure
D:8:      layout_basic, kennysheep_decorative_pillar, minmay_misc_feat_hallway,
          nicolae_straight_to_the_point
Temple:   minmay_crystal_spiral_temple

Skill      XL: |  1  2  3  4  5  6  7  8  9 10 |
---------------+-------------------------------+-----
Shields        | 4 5 6 8 9 |  9.0
Armour         | 4 5 |  5.1
Axes           | 3 4 5 |  5.1
Earth Magic    | 1 2 3 4 6 7 |  7.6
Poison Magic   | 1 2 4 6 8 |  8.0
Fire Magic     | 1 2 3 5 6 |  6.0
Translocations | 2 |  2.3
Transmutations | 1 |  1.0
Fighting       | |  3.5
Spellcasting   | |  0.8

Action                   |  1- 3 |  4- 6 |  7- 9 | 10-12 || total
-------------------------+-------+-------+-------+-------++-------
Melee: War axe           |    71 |   137 |   456 |   179 ||   843
Invok: Potion Petition   |       |       |       |     1 ||     1
 Abil: Dig               |       |       |     5 |     4 ||     9
  Use: Scroll            |       |       |     4 |       ||     4
 Stab: Sleeping          |       |       |     3 |     2 ||     5
Armor: Scale mail        |    28 |    44 |    67 |       ||   139
       Skin              |       |       |    16 |       ||    16
       Troll leather arm |       |       |    63 |    47 ||   110
Dodge: Dodged            |    41 |    71 |   281 |   130 ||   523
Block: Kite shield       |    45 |    95 |   325 |   155 ||   620
